 Dungeon Crawl Stone Soup version 0.32-a0-131-g9dbbe29261 (webtiles) character file.

Game seed: 11304464848413717516

257 Newt the Slasher (level 6, -2/51 HPs)
             Began as a Barachi Fighter on Feb 8, 2024.
             Slain by an orc
             ... wielding a +0 flail
              (5 damage)
             ... on level 2 of the Dungeon.
             The game lasted 00:01:52 (1939 turns).

Newt the Slasher (Barachi Fighter)                  Turns: 1939, Time: 00:01:52

Health: -2/51      AC:  5    Str: 19    XL:     6   Next: 16%
Magic:  6/6        EV: 10    Int:  8    God:
Gold:   66         SH:  6    Dex: 12    Spells: 5/5 levels left

rFire   + . .        a - +0 long sword
rCold   . . .        g - +2 buckler
rNeg    . . .        m - +2 leather armour {rF+}
rPois   .            (no helmet)
rElec   .            (no cloak)
rCorr   .            (no gloves)
SInv    +            (no boots)
Will    .....        (no amulet)
Stlth   +            i - ring of see invisible
HPRegen 0.28/turn    (no ring)
MPRegen 0.10/turn

%: no passive effects
@: slow
A: amphibious, slowness 1, strong legs 1, +LOS
a: Hop


You were on level 2 of the Dungeon.
You visited 1 branch of the dungeon, and saw 3 of its levels.

You collected 66 gold pieces.

Inventory:

Hand Weapons
 a - a +0 long sword (weapon)
Missiles
 h - 11 poisoned darts (quivered)
 q - 4 boomerangs
Armour
 b - a +0 scale mail
 c - a +0 buckler
 g - a +2 buckler (worn)
 m - a +2 leather armour of fire resistance (worn)
Jewellery
 i - a ring of see invisible (left hand)
Scrolls
 e - a scroll of fear {unknown}
 l - 3 scrolls of identify {unknown}
 n - a scroll of poison {unknown}
 p - a scroll of fog {unknown}
Potions
 d - a potion of might
 f - a potion of enlightenment {unknown}
 j - a potion of curing {unknown}
 k - a potion of haste {unknown}
 o - a potion of heal wounds {unknown}
 r - a potion of resistance {unknown}


   Skills:
 + Level 5.5 Fighting
 - Level 6.0 Long Blades
 * Level 4.1 Armour
 - Level 3.2 Shields


You had 5 spell levels left.
You didn't know any spells.
Your spell library contained the following spells:

 Spells                   Type           Power      Damage    Failure   Level
 Slow                     Hex            0%         N/A       54%         1
 Blink                    Tloc           0%         N/A       67%         2
 Lesser Beckoning         Tloc           0%         N/A       67%         2
 Momentum Strike          Conj/Tloc      0%         3d8       67%         2
 Confusing Touch          Hex            0%         N/A       88%         3
 Sigil of Binding         Hex            0%         N/A       88%         3
 Vampiric Draining        Necr           0%         2d6       88%         3


Dungeon Overview and Level Annotations

Branches:
Dungeon (3/15)

Altars:

Annotations:
D:3 Natasha


Innate Abilities, Weirdness & Mutations

You are amphibious.
You cover ground slowly.
You can hop short distances.
You have an extended range of vision and can be seen from far away.


Message History

The orc is heavily wounded.
The orc hits you with a +0 flail.
You closely miss the orc.
The orc is heavily wounded.
The orc hits you with a +0 flail.
You barely miss the orc.
The orc is heavily wounded.
The orc barely misses you.
Natasha, Servant of Life and Death comes into view.
Natasha casts a spell at you. The magic dart hits you.
* * * LOW HITPOINT WARNING * * *
The orc hits you with a +0 flail.
* * * LOW HITPOINT WARNING * * *
The orc hits you with a +0 flail.
* * * LOW HITPOINT WARNING * * *
There is a stone staircase leading up, spattered with blood here.
Unknown command.
The orc hits you but does no damage.
You climb upwards.
There is a stone staircase leading down here.
Unknown command.
You hit the orc but do no damage.
The orc is heavily wounded.
The orc hits you with a +0 flail.
* * * LOW HITPOINT WARNING * * *
Unknown command.
Okay, then.
Okay, then.
You closely miss the orc.
The orc is heavily wounded.
You block the orc's attack.
You hit the orc but do no damage.
The orc is heavily wounded.
The orc hits you with a +0 flail.
* * * LOW HITPOINT WARNING * * *
You hit the orc but do no damage.
The orc is heavily wounded.
The orc hits you with a +0 flail.
You die...

....####.#......# #..# #......
....####.#......# ####..###.#####
......##.#......###.....)...#
....#.##.##.......#.##......#####
#####.##.##..####.#.##......#~~~~
#.##.###......#.##...รท..#~...
#.##.....###....##......#~.#~
#.##########...###......#~.~~
#..........o@...........#~.~~
###################.....#~.~~
#..............#~.~~
#.###########..#~.#~
#.#.......#....#~...
#.#..##.#.#.#..#.~~~
#.#.....#.#.#..'####
#.#<#.###...........
#.###.###...#.#.....


You could see an orc.

Vanquished Creatures
  Sigmund (D:2)
  Natasha (D:3)
  2 adders (D:2)
  A dart slug (D:1)
  An orc (D:2)
  4 endoplasms
  5 giant cockroaches
  5 hobgoblins
  2 jackals (D:2)
  3 kobolds (D:1)
  A quokka (D:1)
  6 ball pythons
  6 bats
  3 frilled lizards
  5 goblins
  2 rats
48 creatures vanquished.

Notes
Turn   | Place    | Note
-------+----------+-------------------------------------------
     0 | D:1      | Newt the Barachi Fighter began the quest for the Orb.
     0 | D:1      | Reached XP level 1. HP: 18/18 MP: 1/1
    97 | D:1      | Reached skill level 3 in Long Blades
    97 | D:1      | Reached XP level 2. HP: 15/25 MP: 2/2
   758 | D:2      | Reached XP level 3. HP: 30/30 MP: 3/3
  1045 | D:2      | Reached skill level 4 in Long Blades
  1233 | D:2      | Noticed Sigmund
  1245 | D:2      | Killed Sigmund
  1246 | D:2      | Reached skill level 5 in Fighting
  1246 | D:2      | Reached skill level 6 in Long Blades
  1246 | D:2      | Reached XP level 4. HP: 19/39 MP: 4/4
  1246 | D:2      | Reached XP level 5. HP: 22/44 MP: 5/5
  1361 | D:2      | Reached XP level 6. HP: 43/51 MP: 6/6
  1650 | D:2      | Found a faded altar of an unknown god.
  1889 | D:3      | Noticed Natasha
  1924 | D:3      | Killed Natasha
  1932 | D:3      | Noticed Natasha
  1939 | D:2      | Slain by an orc

Illustrated notes

Levels and vault maps discovered:
D:1:      minmay_arrival_split_and_join, layout_basic
D:2:      layout_basic, hellmonk_ecumenical_altar_run_dry, supply_closet_lemuel,
          hangedman_abyss_or_decor_lesser_grid, kennysheep_pointless_box,
          uniq_sigmund
D:3:      layout_loops_ring, lemuel_round_altar, mainiacjoe_overflow_alcove_4,
          kennysheep_generic_room_6, uniq_natasha

Skill      XL: |  1  2  3  4  5  6 |
---------------+-------------------+-----
Long Blades    | 3 6 |  6.0
Fighting       | 4 5 |  5.5
Armour         | 4 |  4.1
Shields        | |  3.2

Action                     |  1- 3 |  4- 6 || total
---------------------------+-------+-------++-------
  Melee: Long sword        |   133 |    40 ||   173
    Use: Potion            |     1 |       ||     1
 Armour: Scale mail        |    72 |       ||    72
         Leather armour    |    13 |    38 ||    51
  Dodge: Dodged            |    67 |    20 ||    87
  Block: Buckler           |    63 |    17 ||    80

Table legend: (Time is in decaauts)
 A = Elapsed time spent in this place.
 B = Non-inter-level travel time spent in this place.
 C = Inter-level travel time spent in this place.
 D = Time resting spent in this place.
 E = Time spent auto-exploring this place.
 F = Levels seen in this place.
 G = Mean time per level.
                   A        B        C        D        E       F      G
               +--------+--------+--------+--------+--------+-----+--------+
         Total |   2269 |   2133 |    136 |     15 |   1698 |   3 |  756.3 |
       Dungeon |   2269 |   2133 |    136 |     15 |   1698 |   3 |  756.3 |
               +--------+--------+--------+--------+--------+-----+--------+

Top non-repeatable levels by time:
     D:2: 1358 daAuts
     D:1: 885 daAuts
     D:3: 25 daAuts
